 Dungeon Crawl Stone Soup version 0.18.1-8-gdd0e5ea (webtiles) character file.

77 raph the Firebug (level 4, -1/33 HPs)
             Began as a Hill Orc Fire Elementalist on June 11, 2016.
             Killed by divine providence
             ... invoked by an orc priest
              (13 damage)
             ... on level 3 of the Dungeon.
             The game lasted 00:04:54 (2511 turns).

raph the Firebug (Hill Orc Fire Elementalist)       Turns: 2511, Time: 00:04:55

Health: -1/33      AC:  3    Str: 10    XL:     4   Next: 34%
Magic:  0/7        EV: 11    Int: 16    God:
Gold:   105        SH:  0    Dex: 11    Spells: 3 memorised, 1 level left

rFire  . . .     SeeInvis .     e - +0 whip
rCold  . . .     Gourm    .     m - +0 leather armour
rNeg   . . .     Faith    .     (no shield)
rPois  .         Spirit   .     (no helmet)
rElec  .         Dismiss  .     (no cloak)
rCorr  .         Reflect  .     (no gloves)
SustAt .         Harm     .     (no boots)
MR     .....                    (no amulet)
Stlth  +.........               (no ring)
                                (no ring)

@: not resistant to hostile enchantments, very unstealthy
A: no striking features
a: Convert to Beogh


You were on level 3 of the Dungeon.
You were hungry.

You visited 1 branch of the dungeon, and saw 3 of its levels.

You collected 105 gold pieces.

Inventory:

Hand Weapons
 e - a +0 whip (weapon)
Missiles
 d - 30 stones
 j - 8 steel javelins (quivered)
Armour
 a - a +0 robe
 m - a +0 leather armour (worn)
Scrolls
 h - 2 scrolls of identify {unknown}
 i - 2 scrolls of enchant weapon {unknown}
 k - a scroll of remove curse {unknown}
 s - a scroll of enchant armour {unknown}
Potions
 g - a potion of magic {unknown}
 l - 2 potions of curing {unknown}
 o - 2 potions of mutation {unknown}
 p - a potion of degeneration {unknown}
 q - a potion of agility {unknown}
 t - a potion of resistance {unknown}
Books
 b - a book of Flames

   Spells                             Type                      Level
   a - Flame Tongue                   Conjuration/Fire             1
   b - Throw Flame                    Conjuration/Fire             2
   c - Conjure Flame                  Conjuration/Fire             3
   d - Inner Flame                    Hexes/Fire                   3
   e - Sticky Flame                   Conjuration/Fire             4
   f - Fireball                       Conjuration/Fire             5
Comestibles
 c - 2 bread rations
 f - a royal jelly
 n - 4 fruits


   Skills:
 + Level 2.2 Dodging
 + Level 1.6 Stealth
 + Level 2.1 Spellcasting
 * Level 2.0 Conjurations
 * Level 4.0 Fire Magic


You had one spell level left.
You knew the following spells:

 Your Spells              Type           Power        Failure   Level  Hunger
a - Flame Tongue          Conj/Fire      ##...        10%         1    #......
b - Throw Flame           Conj/Fire      ##....       14%         2    ###....
c - Conjure Flame         Conj/Fire      ##......     24%         3    ###....


Dungeon Overview and Level Annotations

Branches:
Dungeon (3/15)

Altars:
Okawaru


Message History

Confirm with . or Enter, or press ? or * to list all spells.
Aiming: Flame Tongue
Press: ? - help, Shift-Dir - straight line, f/p - orc priest
Aim: an orc priest, wielding a flail and wearing a runed chain mail (moderately wounded)
The flame tongue hits the orc priest.
The orc priest appears unharmed.
The orc priest is moderately wounded.
The orc priest invokes the aid of Beogh against you.
Pain shoots through your body!
An orc comes into view. It is wielding a hand axe.
Casting: Flame Tongue
Confirm with . or Enter, or press ? or * to list all spells.
Aiming: Flame Tongue
Press: ? - help, Shift-Dir - straight line, f/p - orc priest
Aim: an orc priest, wielding a flail and wearing a runed chain mail (moderately wounded)
The flame tongue misses the orc priest.
The orc shouts!
The orc priest hits you with a flail.
The orc priest invokes the aid of Beogh against you.
Beogh smites you!
You die... # #.# #. #.##.## .## #.#..[### ... ......... loo

####.#...### #o#
.....##.#### #b#
#........ #o#
#.##.####
#@########.#...##
#...........#.#.##
#.########.##.##.#
#.# #.##....# #.#
#.#####.# #.#
##.###..# #.#
##...#.# #.)
####... ## #.#.#


You could see 2 orc priests, 2 orcs, a bat and a giant newt.

Vanquished Creatures
  An adder (D:2)
  2 oozes (D:2)
  A worm (D:2)
  5 dart slugs (D:1)
  4 giant cockroaches
  2 goblins (D:1)
  5 hobgoblins
  4 jackals
  4 kobolds
  A ball python (D:1)
  5 bats
  3 giant newts
  11 rats
48 creatures vanquished.

Notes
Turn   | Place    | Note
--------------------------------------------------------------
     0 | D:1      | raph the Hill Orc Fire Elementalist began the quest for the Orb.
     0 | D:1      | Reached XP level 1. HP: 14/14 MP: 3/3
   236 | D:1      | Reached XP level 2. HP: 17/20 MP: 0/4
   839 | D:1      | Reached XP level 3. HP: 24/26 MP: 3/5
  1366 | D:1      | HP: 1/26 [hobgoblin/club (2)]
  1684 | D:1      | Learned a level 3 spell: Conjure Flame
  2000 | D:2      | Reached XP level 4. HP: 28/33 MP: 2/7
  2050 | D:2      | Learned a level 2 spell: Throw Flame
  2085 | D:2      | Found an iron altar of Okawaru.
  2470 | D:3      | Reached skill level 4 in Fire Magic
  2511 | D:3      | Killed from afar by an orc priest

Skill      XL: |  1  2  3  4 |
---------------+-------------+-----
Dodging        | 2 |  2.2
Spellcasting   | 2 |  2.1
Conjurations   | 2 |  2.0
Fire Magic     | 4 |  4.0
Stealth        | |  1.6

Action                   |  1- 3 |  4- 6 || total
-------------------------+-------+-------++-------
Melee: Unarmed           |     5 |       ||     5
       Whip              |    21 |     2 ||    23
 Cast: Flame Tongue      |    57 |    25 ||    82
 Stab: Sleeping          |       |     1 ||     1
  Eat: Chunk             |     5 |     1 ||     6
Armor: Robe              |     4 |       ||     4
       Leather armour    |     2 |     1 ||     3
Dodge: Dodged            |    37 |     9 ||    46
